 Dungeon Crawl Stone Soup version 0.20-a0-926-g560771d (webtiles) character file.

28847 Isola the Impaler (level 13, -10/108 HPs)
             Began as a Merfolk Skald on Mar 28, 2017.
             Was a Priest of Ashenzari.
             Killed from afar by a fire dragon (52 damage)
             ... with a blast of flame
             ... on level 3 of the Lair of Beasts.
             The game lasted 00:41:21 (21425 turns).

Isola the Impaler (Merfolk Skald)                  Turns: 21425, Time: 00:41:22

Health: -10/108    AC: 11    Str: 16    XL:     13   Next: 41%
Magic:  9/16       EV: 22    Int: 16    God:    Ashenzari [***...]
Gold:   708        SH:  0    Dex: 15    Spells: 5/16 levels left

rFire    . . .     SeeInvis +   D - +4 trident
rCold    . . .     Gourm    .   (no shield)
rNeg     . . .     Faith    .   P - +1 leather armour {rPois}
rPois    +         Spirit   .   N - +2 helmet "Tafokour" {Dex+2}
rElec    .         Reflect  .   A - +0 cloak
rCorr    .         Harm     .   X - +0 pair of gloves {Str+3}
MR       +....                  v - +1 pair of boots
Stlth    +.........             (no amulet)
Regen    0.3/turn               h - +2 ring of evasion
MPRegen  0.2/turn               L - ring of protection from magic (curse)

@: about to teleport, shrouded (expiring), very slightly contaminated
A: change form in water, swift swim, stealthy swim
a: Curse Item, Scrying, Renounce Religion


You were on level 3 of the Lair of Beasts.
You worshipped Ashenzari.
Ashenzari was most pleased with you.
You were very hungry.

You visited 2 branches of the dungeon, and saw 13 of its levels.

You collected 994 gold pieces.
You spent 286 gold pieces at shops.

Inventory:

Hand Weapons
 D - a +4 trident (weapon)
 O - a +1 glaive
Missiles
 p - 5 steel javelins
 W - 5 poisoned javelins (quivered)
Armour
 v - a +1 pair of boots (worn)
 A - a +0 cloak (worn)
 J - a +0 buckler
 N - the +2 helmet "Tafokour" (worn) {Dex+2}
   (You found it on level 10 of the Dungeon)

   It affects your dexterity (+2).
 P - a +1 leather armour of poison resistance (worn)
 X - a +0 pair of gloves of strength (worn)
Jewellery
 a - the ring of Shadows {Umbra +Inv Stlth+}
   (You found it on level 2 of the Lair of Beasts)

   [ring of stealth]

   It lets you turn invisible.
   It makes you more stealthy.
 h - a +2 ring of evasion (left hand)
 E - an uncursed ring of resist corrosion
 L - a cursed ring of protection from magic (right hand)
Wands
 j - a wand of lightning (3/15)
 G - a wand of iceblast (15/15)
 K - a wand of acid (5/15)
 Z - a wand of iceblast (5/15)
Scrolls
 e - 4 scrolls of teleportation
 t - a scroll of recharging
 w - 2 scrolls of amnesia
 Y - a scroll of blinking
Potions
 f - 3 potions of flight
 l - 2 potions of brilliance
 n - a potion of heal wounds
 o - a potion of agility
 q - a potion of curing
 s - 3 potions of magic
 u - 3 potions of might
 z - a potion of mutation
 C - 5 potions of lignification
 H - 2 potions of invisibility
 I - 6 potions of haste
 T - 2 potions of cancellation
 U - 2 potions of resistance
Books
 c - a book of Battle

   Spells                             Type                      Level
   a - Infusion                       Charms                       1
   b - Shroud of Golubria             Charms/Translocation         2
   c - Song of Slaying                Charms                       2
   d - Spectral Weapon                Hexes/Charms                 3
   e - Regeneration                   Charms/Necromancy            3
 k - a book of Unlife

   Spells                             Type                      Level
   a - Recall                         Summoning/Translocation      3
   b - Animate Dead                   Necromancy                   4
   c - Control Undead                 Necromancy                   4
   d - Cigotuvi's Embrace             Necromancy                   5
   e - Death Channel                  Necromancy                   6
   f - Simulacrum                     Ice/Necromancy               6
 M - a book of Air

   Spells                             Type                      Level
   a - Shock                          Conjuration/Air              1
   b - Swiftness                      Charms/Air                   2
   c - Static Discharge               Conjuration/Air              3
   d - Airstrike                      Air                          4
   e - Lightning Bolt                 Conjuration/Air              5
 S - a book of Transfigurations

   Spells                             Type                      Level
   a - Irradiate                      Conjuration/Transmutation    5
   b - Statue Form                    Transmutation/Earth          6
   c - Hydra Form                     Transmutation                6
   d - Dragon Form                    Transmutation                7
Comestibles
 d - 7 bread rations
 m - 7 meat rations
 x - 3 fruits
 F - 13 royal jellies


   Skills:
 + Level 12.1 Fighting
 * Level 18.3 Polearms
 - Level 0.6 Armour
 + Level 11.8 Dodging
 - Level 2.0 Spellcasting
 - Level 12.0 Charms


You had 5 spell levels left.
You knew the following spells:

 Your Spells              Type           Power        Failure   Level  Hunger
a - Infusion              Chrm           ####         1%          1    #......
b - Shroud of Golubria    Chrm/Tloc      ###.......   3%          2    ###....
c - Song of Slaying       Chrm           #####...     1%          2    ###....
d - Spectral Weapon       Hex/Chrm       ###.....     8%          3    ###....
e - Regeneration          Chrm/Necr      ###.......   8%          3    ###....


Dungeon Overview and Level Annotations

Branches:
Dungeon (10/15)            Temple (0/1) D:7            Lair (3/6) D:8
 Spider (0/4) Lair:2
  Swamp: Lair:2-4    Shoals: Lair:2-4       Orc: D:9-12

Altars:
Ashenzari
Cheibriados
Dithmenos
Elyvilon
Gozag
Hepliaklqana
Okawaru
Uskayaw
Vehumet
Wu Jian
Xom
Yredelemnul
Zin
The Shining One

Shops:
D:7 (   D:10 =

Annotations:
D:2 Terence
Lair:1 exclusion: 2 oklob plants


Message History

Your spectral weapon shares its damage with you!
The fire dragon closely misses your spectral weapon.
The fire dragon breathes flames at you.
The blast of flame misses your spectral weapon.
The blast of flame hits you!
Ouch! That really hurt!
As you read the scroll of teleportation, it crumbles to dust.
You feel strangely unstable. The fire dragon breathes flames at you.
The blast of flame hits your spectral weapon.
Your spectral weapon resists.
Your spectral weapon shares its damage with you!
Your spectral weapon fades away.
The blast of flame hits you!
* * * LOW HITPOINT WARNING * * *
x2 You feel much better.
Your shroud begins to fray at the edges.
The fire dragon breathes flames at you. The blast of flame hits you!
You die...

#### ###≈≈≈#### ...≈≈≈≈..###
F...≈≈≈....## F..≈≈≈......###
$≈≈≈≈.........#####
≈≈≈≈≈........D†.@.###### ### ##
≈≈≈≈........#####......# #.#####.
≈≈≈≈.......## ######.###.......
≈≈≈≈≈...#### #..##.......
≈≈≈###### ##.##....#.. ≈≈
####.##....#.. * #....##....#..
#.#####.....#.
####################.#####....#..


You could see a fire dragon.

Vanquished Creatures
  Snorg (D:10)
  2 hydras
  A two-headed ogre (D:10)
  Nergalle (Lair:3)
  3 elephants (Lair:2)
  Joseph (Lair:1)
  2 black mambas
  10 spiny frogs
  8 komodo dragons
  2 queen bees
  Prince Ribbit (D:7)
  A hornet (D:9)
  6 hippogriffs
  4 blink frogs (Lair:2)
  A redback (Lair:2)
  4 wyverns (Lair:2)
  A wraith (D:10)
  30 yaks
  Grum (D:8)
  2 basilisks
  A vampire mosquito (D:10)
  12 water moccasins
  7 porcupines
  3 ice beasts
  5 sky beasts
  6 orc warriors
  3 ogres
  2 phantoms (D:6)
  8 wolves
  7 crocodiles
  7 centaurs
  A big kobold (D:7)
  13 bullfrogs
  4 scorpions
  41 killer bees
  5 wights (D:8)
  7 howler monkeys
  6 crimson imps
  A quasit (D:8)
  A bullfrog zombie (D:5)
  6 hounds
  6 jellies
  2 centaur skeletons
  3 orc priests
  8 orc wizards
  3 bullfrog skeletons
  3 iguanas
  6 worker ants
  A hound skeleton (D:4)
  A gnoll (D:5)
  8 adders
  A shadow imp (D:8)
  An adder zombie (D:9)
  3 worms
  2 dart slugs (D:2)
  3 leopard geckos
  56 orcs
  9 bats
  4 giant cockroaches
  2 gnoll zombies (D:5)
  8 goblins
  6 hobgoblins
  20 jackals
  5 kobolds
  8 quokkas
  3 frilled lizards
  A giant cockroach zombie (D:6)
  5 rats
406 creatures vanquished.

Vanquished Creatures (others)
  9 fungi
  15 plants
  13 spectral weapons
37 creatures vanquished.

Grand Total: 443 creatures vanquished

Notes
Turn   | Place    | Note
-------+----------+-------------------------------------------
     0 | D:1      | Isola the Merfolk Skald began the quest for the Orb.
     0 | D:1      | Reached XP level 1. HP: 16/16 MP: 3/3
   316 | D:1      | Reached XP level 2. HP: 21/22 MP: 5/5
   809 | D:1      | Reached skill level 4 in Polearms
   988 | D:2      | Learned a level 2 spell: Shroud of Golubria
   989 | D:2      | Found a radiant altar of Vehumet.
  1351 | D:2      | Reached XP level 3. HP: 24/27 MP: 6/6
  1361 | D:2      | Learned a level 2 spell: Song of Slaying
  1552 | D:2      | Found a shimmering altar of Xom.
  1638 | D:2      | Noticed Terence
  1869 | D:2      | Found a shattered altar of Ashenzari.
  1878 | D:2      | Became a worshipper of Ashenzari the Shackled
  2369 | D:2      | Reached XP level 4. HP: 33/33 MP: 2/7
  2690 | D:3      | Found an iron altar of Okawaru.
  2727 | D:3      | Reached skill level 5 in Polearms
  3426 | D:4      | Reached XP level 5. HP: 34/38 MP: 8/8
  3543 | D:4      | Found a hazy altar of Hepliaklqana.
  4095 | D:5      | Entered Level 5 of the Dungeon
  4185 | D:5      | Reached skill level 6 in Polearms
  4217 | D:5      | Reached XP level 6. HP: 34/44 MP: 1/9
  4680 | D:5      | Found a hide-covered altar of Uskayaw.
  4810 | D:5      | Reached skill level 7 in Polearms
  4924 | D:5      | Reached * piety under Ashenzari
  4989 | D:5      | Reached skill level 5 in Dodging
  5006 | D:5      | Reached skill level 5 in Charms
  5006 | D:5      | Reached XP level 7. HP: 31/50 MP: 2/10
  5089 | D:5      | Reached skill level 8 in Polearms
  5222 | D:5      | HP: 1/50 [ice beast (8)]
  5604 | D:5      | Reached skill level 9 in Polearms
  5925 | D:5      | Found a basalt altar of Yredelemnul.
  6065 | D:6      | Reached XP level 8. HP: 56/56 MP: 4/11
  6200 | D:6      | Reached skill level 10 in Polearms
  6449 | D:6      | Found a white marble altar of Elyvilon.
  6699 | D:6      | Learned a level 3 spell: Spectral Weapon
  6703 | D:6      | Learned a level 3 spell: Regeneration
  7273 | D:6      | Reached skill level 11 in Polearms
  7631 | D:7      | Noticed a hippogriff
  7646 | D:7      | Killed a hippogriff
  7646 | D:7      | Reached XP level 9. HP: 54/61 MP: 0/12
  7649 | D:7      | Reached skill level 12 in Polearms
  7671 | D:7      | Noticed Prince Ribbit
  7701 | D:7      | Killed Prince Ribbit
  7961 | D:7      | Found Fowk's Weapon Shop.
  8089 | D:7      | Reached skill level 13 in Polearms
  8339 | D:7      | Found a staircase to the Ecumenical Temple.
  8646 | D:8      | Reached skill level 14 in Polearms
  8661 | D:8      | Noticed Grum
  9159 | D:8      | Noticed a queen bee
  9284 | D:8      | Reached XP level 10. HP: 24/69 MP: 2/13
  9864 | D:8      | Found a staircase to the Lair.
 10584 | D:8      | Reached skill level 5 in Fighting
 10600 | D:8      | Identified the +1 leather armour of the Evil One {Int+3} (You took it off an orc priest on level 8 of the Dungeon)
 10792 | D:8      | Reached skill level 10 in Charms
 10893 | D:8      | Killed Grum
 11183 | D:8      | Found a white marble altar of Elyvilon.
 11183 | D:8      | Found a glowing golden altar of the Shining One.
 11183 | D:8      | Found a glowing silver altar of Zin.
 11586 | D:9      | Paralysed by a hornet for 1 turns
 11708 | D:9      | Reached ** piety under Ashenzari
 12162 | D:9      | Reached XP level 11. HP: 84/84 MP: 8/14
 12232 | D:9      | Found an opulent altar of Gozag.
 12240 | D:9      | Found a snail-covered altar of Cheibriados.
 12242 | D:9      | Found an ornate altar of the Wu Jian Council.
 12245 | D:9      | Found a shadowy altar of Dithmenos.
 12321 | D:10     | Entered Level 10 of the Dungeon
 12389 | D:10     | Found Buaggyos's Jewellery Boutique.
 12426 | D:10     | Bought a cursed ring of protection from magic for 286 gold pieces
 12841 | D:10     | Found a shadowy altar of Dithmenos.
 12932 | D:10     | Identified the +2 helmet "Tafokour" {Dex+2}
 13125 | D:10     | Noticed a seven-headed hydra
 13157 | D:10     | Noticed a purple ugly thing
 13161 | D:10     | Noticed a two-headed ogre
 13348 | D:10     | Noticed Snorg
 13362 | D:10     | Killed Snorg
 13949 | D:10     | Noticed a two-headed ogre
 13982 | D:10     | Killed a two-headed ogre
 14360 | Lair:1   | Entered Level 1 of the Lair of Beasts
 14445 | Lair:1   | Reached skill level 10 in Fighting
 15442 | Lair:1   | Reached XP level 12. HP: 86/97 MP: 7/15
 15683 | Lair:1   | Noticed an eight-headed hydra
 15716 | Lair:1   | Killed an eight-headed hydra
 15716 | Lair:1   | Reached skill level 15 in Polearms
 15842 | Lair:1   | Noticed Joseph
 15859 | Lair:1   | Killed Joseph
 17232 | Lair:2   | Reached skill level 16 in Polearms
 17232 | Lair:2   | Reached skill level 10 in Dodging
 17774 | Lair:2   | Reached *** piety under Ashenzari
 18438 | Lair:2   | Reached skill level 17 in Polearms
 18654 | Lair:2   | Found a hole to the Spider Nest.
 18860 | Lair:2   | Reached XP level 13. HP: 106/106 MP: 11/16
 19715 | Lair:3   | Noticed Nergalle
 19726 | Lair:3   | Killed Nergalle
 19807 | Lair:3   | Reached skill level 18 in Polearms
 20469 | Lair:3   | Noticed a fire dragon
 21425 | Lair:3   | Killed from afar by a fire dragon

Vault maps used:
D:1:      noname_arrival_rooms_in_the_neighbourhood
D:2:      marbit_many_paths, fiery_altar_vehumet, first_bread, xom_teletrap_fun,
          uniq_terence
D:3:      lemuel_coloured_pillars_altar, serial_corexii_hall,
          corexii_hall_statues_x, corexii_hall_statues_x
D:4:      overflow_temple_1_default, kennysheep_small_spiral
D:5:      minmay_opposing_rooms, kennysheep_little_box,
          lemuel_zombie_altar_yredelemnul
D:6:      basic_altar, grunt_ministairs_8
D:7:      minmay_temple_entry_steel_oval, serial_shops,
          nicolae_shop_behind_doors, uniq_prince_ribbit1
D:8:      good_gods_mini_temple, dpeg_oklobed_lair, david_nohive_1, uniq_grum
D:9:      minitemple
D:10:     minmay_blocky_corners, serial_shops, shop, special_room,
          grunt_dithmenos_smoke_and_mirrors, uniq_snorg
Lair:1:   small_statue_intersection, ldierk_geyser, minmay_hedge_maze,
          st_stairs_11, infiniplex_staircase_pool, minmay_lair_oklob_chamber,
          uniq_joseph
Lair:2:   regret_index_wax_grids, dummy_spider_entry
Lair:3:   dragon1_lemuel, uniq_nergalle

Skill      XL: |  1  2  3  4  5  6  7  8  9 10 11 12 13 |
---------------+----------------------------------------+-----
Dodging        | 3 4 5 6 7 9 11 | 11.8
Polearms       | 4 5 6 7 9 11 14 17 18 | 18.3
Charms         | 4 5 7 8 11 12 | 12.0
Fighting       | 7 10 11 12 | 12.1
Armour         | |  0.6
Spellcasting   | |  2.0

Action                   |  1- 3 |  4- 6 |  7- 9 | 10-12 | 13-15 || total
-------------------------+-------+-------+-------+-------+-------++-------
Melee: Spear             |   151 |   295 |    71 |       |       ||   517
       Trident           |       |       |   406 |   776 |   177 ||  1359
       Tailslap          |       |       |       |     1 |       ||     1
 Cast: Infusion          |     3 |     8 |    29 |       |     1 ||    41
       Shroud of Golubri |     1 |     4 |    33 |    71 |    20 ||   129
       Spectral Weapon   |       |       |     8 |    77 |    19 ||   104
       Song of Slaying   |       |       |     1 |     7 |     1 ||     9
       Regeneration      |       |       |     4 |    18 |     4 ||    26
Invok: Curse Item        |     1 |       |       |       |       ||     1
  Use: Scroll            |       |     9 |     2 |    19 |     9 ||    39
       Potion            |       |       |     9 |       |     1 ||    10
 Stab: Sleeping          |     4 |       |     1 |       |       ||     5
       Invisible         |       |       |     2 |       |       ||     2
       Distracted        |       |       |     1 |     5 |     3 ||     9
  Eat: Chunk             |     4 |    10 |    17 |    31 |    10 ||    72
       Fruit             |       |       |     2 |     6 |     2 ||    10
       Bread ration      |       |       |       |     3 |       ||     3
Armor: Leather armour    |    31 |    60 |    92 |   110 |    13 ||   306
       Skin              |       |       |       |     1 |       ||     1
Dodge: Dodged            |    68 |   146 |   288 |   400 |   103 ||  1005
